 Dungeon Crawl Stone Soup version 0.30-a0-782-ge64f9170bb (webtiles) character file.

Game seed: 13717494010954756122

18 TimeIsEndless the Shooter (level 2, -2/18 HPs)
             Began as a Tengu Hunter on Mar 1, 2023.
             Slain by a +4 rapier of flaming (7 damage)
             ... created by the rancor of the Wu Jian Council
             ... on level 1 of the Dungeon.
             The game lasted 00:00:34 (481 turns).

TimeIsEndless the Shooter (Tengu Hunter)             Turns: 481, Time: 00:00:34

Health: -2/18      AC:  3    Str: 11    XL:     2   Next: 66%
Magic:  3/3        EV: 12    Int:  9    God:
Gold:   11         SH:  0    Dex: 17    Spells: 1/1 levels left

rFire   . . .      SeeInvis .    a - +0 shortbow
rCold   . . .      Faith    .    (shield currently unavailable)
rNeg    . . .      Spirit   .    c - +0 leather armour
rPois   .          Reflect  .    (helmet restricted)
rElec   .          Harm     .    (no cloak)
rCorr   .          Rampage  .    (no gloves)
Will    .....                    (boots unavailable)
Stlth   ++                       (no amulet)
HPRegen 0.23/turn                (no ring)
MPRegen 0.08/turn                (no ring)

@: slowed, very slow
A: beak, talons 3
a: no special abilities


You were on level 1 of the Dungeon.
You visited 1 branch of the dungeon, and saw 1 of its levels.

You collected 11 gold pieces.

Inventory:

Hand Weapons
 a - a +0 shortbow (weapon)
Armour
 c - a +0 leather armour (worn)
Scrolls
 b - a scroll of immolation
 d - a scroll of vulnerability {unknown}
 e - a scroll of identify {unknown}
 f - a scroll of teleportation {unknown}
 g - a scroll of magic mapping {unknown}
Potions
 h - a potion of curing {unknown}


   Skills:
 + Level 2.3 Fighting
 + Level 4.5 Ranged Weapons
 + Level 2.5 Dodging
 + Level 1.5 Stealth


You had one spell level left.
You didn't know any spells.
Your spell library was empty.

Dungeon Overview and Level Annotations

Branches:
Dungeon (1/15)

Altars:
Wu Jian

Annotations:
D:1 2 transporters


Innate Abilities, Weirdness & Mutations

You have a beak for a mouth.
You have claws for feet.


Message History

A kobold comes into view. It is wielding a +0 club.
Found a fuming puce potion.
The kobold shouts!
A ball python comes into view.
There are monsters nearby!
There are monsters nearby!
You shoot an arrow. The ball python hisses angrily.
The arrow hits the kobold.
You kill the kobold!
You shoot an arrow. The arrow hits the ball python.
You kill the ball python!
No target in view!
No target in view!
No target in view!
No target in view!
No target in view!
g - a scroll labelled BUMEEBLEIRGH
h - a fuming puce potion
Found a stone staircase leading down.
There is a stone staircase leading down here.
Found a stone staircase leading down.
Sifu Yunchang whispers: Nowhere to run...
A +0 dire flail of flaming, a +4 rapier of flaming, a +4 broad axe of flaming and a +1 heavy glaive come into view.
You shoot an arrow.
The arrow hits the +4 broad axe of flaming.
You destroy the +4 broad axe of flaming!
That felt strangely unrewarding.
The +4 rapier of flaming hits you. The +4 rapier of flaming burns you.
You are too injured to fight recklessly!
Fire: a) +0 shortbow
Press: ? - help, Q - select action Shift-Dir - straight line, f - +1 heavy glaive
Aim: a +1 heavy glaive (durably summoned, 87% to hit)
You shoot an arrow.
The arrow hits the +4 rapier of flaming.
The +4 rapier of flaming is moderately damaged.
The +4 rapier of flaming hits you. The +4 rapier of flaming burns you.
* * * LOW HITPOINT WARNING * * *
The +4 rapier of flaming hits you!
You die...

...........##.###.#.###.#
......####.#............#
......# #.#..###.#....##
####### #.#.........#.#
####.#.######..#.# #.##.#
#..# # #....# ######..#>#
#.####.#...(.....# #.#
#....@(#..#.#
#.######)##.# ....
#........##.# #.##
######...##.# #
#.........#.#
#.###.......# #.#
#.##...## #.# #.##.#.#
#######.# #.##.#.#


You could see 2 dancing weapons.

Vanquished Creatures
  A dancing weapon (D:1)
  2 ball pythons (D:1)
  An endoplasm (D:1)
  A giant cockroach (D:1)
  2 goblins (D:1)
  A hobgoblin (D:1)
  4 jackals (D:1)
  2 kobolds (D:1)
  A frilled lizard (D:1)
15 creatures vanquished.

Notes
Turn   | Place    | Note
-------+----------+-------------------------------------------
     0 | D:1      | TimeIsEndless the Tengu Hunter began the quest for the Orb.
     0 | D:1      | Reached XP level 1. HP: 12/12 MP: 2/2
   112 | D:1      | Found a faded altar of an unknown god.
   171 | D:1      | Reached XP level 2. HP: 17/17 MP: 3/3
   200 | D:1      | Prayed at the altar of an unknown god.
   200 | D:1      | Became a worshipper of the Wu Jian Council
   200 | D:1      | Reached * piety under Wu Jian
   362 | D:1      | Fell from the grace of Wu Jian
   479 | D:1      | Noticed a +0 dire flail of flaming
   479 | D:1      | Noticed a +4 rapier of flaming
   479 | D:1      | Noticed a +4 broad axe of flaming
   479 | D:1      | Noticed a +1 heavy glaive
   479 | D:1      | Killed a +4 broad axe of flaming
   481 | D:1      | Slain by a +4 rapier of flaming

Illustrated notes

Levels and vault maps discovered:
D:1:      spicycebolla_arrival_transporter_tutorial, layout_basic,
          shapermc_ecumenical_altar_mp_urbaneastern, hangedman_decor_growths

Action                     || total
---------------------------++-------
   Fire: Shortbow          ||    34
 Invoke: Renounce Religion ||     1
 Armour: Leather armour    ||     4
  Dodge: Dodged            ||     9

Table legend: (Time is in decaauts)
 A = Elapsed time spent in this place.
 B = Non-inter-level travel time spent in this place.
 C = Inter-level travel time spent in this place.
 D = Time resting spent in this place.
 E = Time spent auto-exploring this place.
 F = Levels seen in this place.
 G = Mean time per level.
                   A        B        C        D        E       F      G
               +--------+--------+--------+--------+--------+-----+--------+
         Total |    494 |    494 |      0 |      0 |    395 |   1 |  494.0 |
       Dungeon |    494 |    494 |      0 |      0 |    395 |   1 |  494.0 |
               +--------+--------+--------+--------+--------+-----+--------+

Top non-repeatable levels by time:
     D:1: 494 daAuts
